 Dungeon Crawl Stone Soup version 0.28-a0-643-g84cb2ea78e (webtiles) character file.

Game seed: 10529719862867856983

116 sanka the Distorting Palentonga (level 4, 0/37 HPs)
             Began as a Palentonga Abyssal Knight on Oct 10, 2021.
             Was a Believer of Lugonu.
             Succumbed to an adder's poison
             ... on level 3 of the Dungeon.
             The game lasted 00:04:44 (2641 turns).

sanka the Distorting Palentonga (PaAK)              Turns: 2641, Time: 00:04:45

Health: 0/37       AC:  6    Str: 18    XL:     4   Next: 70%
Magic:  7/8        EV:  9    Int: 10    God:    Lugonu [**....]
Gold:   51         SH:  0    Dex: 10    Spells: 3/3 levels left

rFire   . . .      SeeInvis +   a - +1 hand axe
rCold   . . .      Faith    .   (no shield)
rNeg    . . .      Spirit   .   b - +0 leather armour
rPois   .          Reflect  .   c - +0 helmet
rElec   .          Harm     .   g - +0 cloak
rCorr   .          Rampage  .   (no gloves)
Will    .....                   (no barding)
Stlth   +.........              (no amulet)
HPRegen 0.12/turn               (no ring)
MPRegen 0.11/turn               (no ring)

@: lethally poisoned (0 -> -8)
A: large, rugged brown scales 3, see invisible, deformed body, roll 1, armoured
tail
a: Rolling Charge, Renounce Religion, Depart the Abyss, Bend Space


You were on level 3 of the Dungeon.
You worshipped Lugonu.
Lugonu was pleased with you.
You visited 1 branch of the dungeon, and saw 3 of its levels.
You visited the Abyss 1 time.

You collected 51 gold pieces.


Innate Abilities, Weirdness & Mutations

You are completely covered in rugged brown scales. (AC +3, +7% HP)
You have supernaturally acute eyesight. (SInv)
Armour fits poorly on your strangely shaped body.
You can roll at nearby foes to attack.
You have a long armoured tail.


   Skills:
 - Level 3.0 Fighting
 - Level 2.0 Axes
 - Level 1.5 Armour
 - Level 0.7 Dodging
 + Level 5.4 Invocations


You had 3 spell levels left.
You didn't know any spells.
Your spell library contained the following spells:

 Spells                   Type           Power      Damage    Failure   Level
 Summon Small Mammal      Summ           0%         N/A       41%         1
 Call Canine Familiar     Summ           0%         N/A       80%         3
 Summon Guardian Golem    Hex/Summ       0%         N/A       80%         3

Inventory:

Hand Weapons
 a - a +1 hand axe (weapon)
Armour
 b - a +0 leather armour (worn)
 c - a +0 helmet (worn)
 g - a +0 cloak (worn)
Wands
 h - a wand of flame (28)
Scrolls
 d - a scroll of identify {unknown}
 e - a scroll of noise {unknown}
 f - a scroll of magic mapping

Dungeon Overview and Level Annotations

Branches:
Dungeon (3/15)

Altars:

Shops:
D:2

*?* ▒.....>....▒
▒.......▒▒▒▒ ▒....▒.))<▒
▒▒▒▒▒▒.▒▒▒▒ .▒ ▒▒▒▒▒▒▒▒)▒▒
▒.▒ ▒.........▒▒▒▒.▒▒▒▒▒
▒.........'.▒▒......
▒..............▒▒.▒▒
▒▒..H.....▒▒.▒▒......
▒▒▒▒.▒.........▒...▒.▒▒.▒▒
.....................▒...▒
......:...▒▒▒..▒..........
▒▒▒▒▒▒▒▒▒▒▒▒...▒▒...▒....▒
▒......▒▒▒...▒▒
▒..▒▒...▒▒▒....
▒..▒....▒...▒▒.
▒............▒.


There were no monsters in sight!


Message History

You miss the adder.
The adder is almost dead.
* * * LOW HITPOINT WARNING * * *
You feel very sick. The adder bites you.
* * * LOW HITPOINT WARNING * * *
You are more poisoned.
The adder poisons you!
You miss the adder.
The adder is almost dead.
* * * LOW HITPOINT WARNING * * *
You feel very sick. The adder bites you but does no damage.
The adder closely misses you.
Unknown command.
You hit the adder.
You kill the adder!
Lugonu accepts your kill.
* * * LOW HITPOINT WARNING * * *
You feel very sick.
Unknown command.
No target in view!
Unknown command.
No target in view!
You aren't carrying any potions.
* * * LOW HITPOINT WARNING * * *
You feel sick.
You aren't carrying any potions.
Unknown command.
You die...

Action                   |  1- 3 |  4- 6 || total
-------------------------+-------+-------++-------
Melee: Hand axe          |   275 |    33 ||   308
       Tailslap          |    57 |     4 ||    61
 Abil: Rolling Charge    |    21 |     1 ||    22
  Use: Scroll            |     1 |       ||     1
 Stab: Sleeping          |     1 |       ||     1
Armor: Leather armour    |    47 |    17 ||    64
Dodge: Dodged            |    39 |    15 ||    54

Levels and vault maps discovered:
D:1:      sevenhm_arrival_forest_fort_large_4, layout_basic,
          shapermc_ecumenical_altar_mp_ritualfount
D:2:      layout_basic, serial_shops, shop, shop, shop, serial_forest,
          infiniplex_forest_clump_diagonal, infiniplex_forest_corner_1,
          infiniplex_forest_clump_double, infiniplex_forest_lined_ring,
          infiniplex_forest_corner_1, infiniplex_forest_clump_large,
          infiniplex_forest_3_way, infiniplex_forest_lined_3,
          infiniplex_forest_pool, infiniplex_forest_zigzag_1,
          minmay_misc_feat_iff
D:3:      layout_basic, ebering_ghost_gozag, hangedman_decor_clover_reticule,
          minmay_cupped

Notes
Turn   | Place    | Note
-------+----------+-------------------------------------------
     0 | Abyss:1  | sanka the Palentonga Abyssal Knight began the quest for the
                  | Orb.
     0 | Abyss:1  | Reached XP level 1. HP: 19/19 MP: 2/2
     8 | D:1      | Escaped the Abyss
   151 | D:1      | Reached XP level 2. HP: 25/25 MP: 4/4
   152 | D:1      | Reached skill level 3 in Invocations
   179 | D:1      | Found a faded altar of an unknown god.
   490 | D:1      | Reached ** piety under Lugonu
  1011 | D:2      | Reached skill level 4 in Invocations
  1011 | D:2      | Reached XP level 3. HP: 13/31 MP: 4/6
  1291 | D:2      | Found Wafecve Iwnu's Assorted Antiques.
  1305 | D:2      | Found Opro's Magic Scroll Boutique.
  1413 | D:2      | Found Jesybb's General Store.
  2320 | D:3      | Reached XP level 4. HP: 32/37 MP: 7/7
  2462 | D:3      | Reached skill level 5 in Invocations
  2640 | D:3      | HP: 2/37 [poisoned by an adder]
  2641 | D:3      | Succumbed to an adder's poison

Vanquished Creatures
  2 orc wizards (D:3)
  2 adders
  A worm (D:2)
  2 dart slugs
  3 orcs (D:3)
  5 bats
  2 endoplasms (D:1)
  4 giant cockroaches
  4 goblins
  3 hobgoblins
  4 jackals (D:2)
  4 quokkas
  A ball python (D:1)
  3 frilled lizards
  3 kobolds
  5 rats
  2 bushes (D:2)
50 creatures vanquished.
